 Dungeon Crawl Stone Soup version 0.27.1-4-g1640c2035a (webtiles) character file.

Game seed: 13780930057422842631

25 Xolotl the Covered (level 3, -9/30 HPs)
             Began as a Djinni Fighter on Nov 7, 2021.
             Mangled by Sigmund (11 damage)
             ... on level 2 of the Dungeon.
             The game lasted 00:02:25 (965 turns).

Xolotl the Covered (Djinni Fighter)                  Turns: 965, Time: 00:02:25

Health: -9/30      AC:  6    Str: 15    XL:     3   Next: 20%
Gold:   10         EV:  7    Int:  9    God:
                   SH:  9    Dex: 13

rFire    + + .     SeeInvis .     - Unarmed
rCold    x . .     Faith    .   b - +0 kite shield
rNeg     . . .     Spirit   .   a - +0 scale mail
rPois    ∞         Reflect  .   (no helmet)
rElec    .         Harm     .   (no cloak)
rCorr    .         Rampage  .   (no gloves)
Will     .....                  (boots unavailable)
Stlth    ..........             (no amulet)
HPRegen  0.10/turn              (no ring)
MPRegen  0.00/turn              (no ring)

@: mighty, flying
A: sickness immunity, fire resistance 2, cold vulnerability 1, float, innate
caster, hp casting, extra vitality 1
a: no special abilities


You were on level 2 of the Dungeon.
You visited 1 branch of the dungeon, and saw 2 of its levels.

You collected 10 gold pieces.

Inventory:

Missiles
 d - 38 stones (quivered)
Armour
 a - a +0 scale mail (worn)
 b - a +0 kite shield (worn)


   Skills:
 + Level 3.1 Fighting
 + Level 3.2 Armour
 + Level 0.8 Dodging
 + Level 3.2 Shields
 * Level 2.6 Unarmed Combat


You had one spell level left.
You knew the following spells:

 Your Spells              Type           Power      Damage    Failure   Level
a - Sandblast             Erth           0%         2d4       100%        1
Your spell library was empty.


Dungeon Overview and Level Annotations

Branches:
Dungeon (2/15)

Altars:

Annotations:
D:2 Sigmund


Innate Abilities, Weirdness & Mutations

You are immune to sickness and miasma.
You are immune to poison.
Your flesh is very heat resistant. (rF++)
You are vulnerable to cold. (rC-)
You float through the air rather than walking.
You learn spells naturally, not from books.
Your magical power is your life essence.
You have superior vitality. (+4 HP)


Message History

There is an open door here.
You reach down and open the door.
There is an open door here.
Found a stone staircase leading down.
You reach down and open the door.
There is an open door here.
You reach down and open the door.
There is an open door here.
There is an open door here.
You reach down and open the door.
A goblin comes into view. It is wielding a +0 club.
The goblin shouts!
There is an open door here.
Sigmund the Dreaded comes into view.
He is wielding a +0 scythe, wearing a +0 robe of positive energy and carrying a wand of digging (5).
Sigmund shouts!
Sigmund gestures at you while chanting. The magic dart hits you.
The goblin hits you with a +0 club.
Sigmund casts a spell.
Sigmund flickers and vanishes!
Deactivating autopickup; reactivate with Ctrl-A.
There is an open door here.
You hear a zap.
Some rock shatters into small pieces.
There is an open door here.
Really fly into that teleport trap?
You enter a teleport trap!
The teleport trap disappears.
Your surroundings suddenly seem different.
Something hits you!
You aren't carrying any scrolls.
You feel very mighty all of a sudden. Something hits you!
* * * LOW HITPOINT WARNING * * *
You closely miss something. You block something's attack.
You punch something! You miss something. Something hits you!
* * * LOW HITPOINT WARNING * * *
You miss something. You block something's attack.
You closely miss something. Something hits you!
You die...

#..... #.# #.##....###.#
#.# #...........# #.#
#...# #.# #...# #.#
.####..'## #.#
.........## ####.#####
#####.....## #........#
##.....@{## ##.##.###.#
#.......g.####....#.##.#
+.........'...g..###.#.#
#.........####..## ##..#
##.......## ##..###.#.#
##.....## #.#.#.##.#
##...## #.##.###.# ##'##
#........# ###.######
####.#####


You could see a goblin.

Vanquished Creatures
  An adder (D:2)
  A dart slug (D:2)
  3 ball pythons
  A bat (D:2)
  3 endoplasms (D:2)
  2 goblins (D:2)
  A frilled lizard (D:2)
  A kobold (D:2)
  A rat (D:2)
14 creatures vanquished.

Notes
Turn   | Place    | Note
-------+----------+-------------------------------------------
     0 | D:1      | Xolotl the Djinni Fighter began the quest for the Orb.
     0 | D:1      | Reached XP level 1. HP: 20/20 MP: 0/0
   330 | D:2      | Reached XP level 2. HP: 24/25 MP: 0/0
   606 | D:2      | Reached XP level 3. HP: 29/30 MP: 0/0
   606 | D:2      | Learned a level 1 spell: Sandblast
   944 | D:2      | Noticed Sigmund
   965 | D:2      | Mangled by Sigmund

Illustrated notes

Levels and vault maps discovered:
D:1:      dpeg_arrival_tiny_j, layout_basic, minmay_quantized
D:2:      layout_loops_corners, uniq_sigmund

Action                   || total
-------------------------++-------
Melee: Unarmed           ||    62
  Use: Potion            ||     1
Armor: Scale mail        ||    21
Dodge: Dodged            ||    11
Block: Kite shield       ||    21
